 Dungeon Crawl Stone Soup version 0.30-a0-603-g51a0fb1b98 (webtiles) character file.

Game seed: 5808019135163288787

26 HoaS the Shooter (level 3, -3/21 HPs)
             Began as a Gargoyle Hunter on Jan 7, 2023.
             Slain by Terence
             ... wielding a +0 mace
              (8 damage)
             ... on level 2 of the Dungeon.
             The game lasted 00:02:02 (899 turns).

HoaS the Shooter (Gargoyle Hunter)                   Turns: 899, Time: 00:02:02

Health: -3/21      AC:  6    Str: 14    XL:     3   Next: 8%
Magic:  3/3        EV: 11    Int:  9    God:
Gold:   41         SH:  0    Dex: 15    Spells: 2/2 levels left

rFire   + . .      SeeInvis .    a - +0 shortbow
rCold   + + .      Faith    .    (shield currently unavailable)
rNeg    + . .      Spirit   .    c - +0 leather armour
rPois   ∞          Reflect  .    (no helmet)
rElec   +          Harm     .    i - scarf {rC+ rF+}
rCorr   .          Rampage  .    (no gloves)
Will    .....                    (no boots)
Stlth   ++                       (no amulet)
HPRegen 0.23/turn                h - ring of protection from cold
MPRegen 0.08/turn                (no ring)

@: hasted, very quick
A: sickness immunity, AC +3, negative energy resistance 1, electricity
resistance, torment resistance 1, petrification resistance
a: no special abilities


You were on level 2 of the Dungeon.
You visited 1 branch of the dungeon, and saw 2 of its levels.

You collected 41 gold pieces.

Inventory:

Hand Weapons
 a - a +0 shortbow (weapon)
Armour
 c - a +0 leather armour (worn)
 i - a scarf of resistance (worn)
Jewellery
 g - a ring of ice
 h - a ring of protection from cold (left hand)
Wands
 f - a wand of roots (8)
Scrolls
 b - a scroll of immolation
Potions
 e - a potion of might {unknown}


   Skills:
 - Level 2.1 Fighting
 + Level 4.9 Ranged Weapons
 - Level 1.5 Dodging
 - Level 1.1 Stealth


You had 2 spell levels left.
You didn't know any spells.
Your spell library was empty.

Dungeon Overview and Level Annotations

Branches:
Dungeon (2/15)

Altars:

Shops:
D:1 =

Annotations:
D:2 Terence


Innate Abilities, Weirdness & Mutations

You are immune to sickness and miasma.
Your stone body is resilient. (AC +3)
You are immune to poison.
You resist negative energy. (rN+)
You are resistant to electric shocks. (rElec)
You are resistant to unholy torment.
You are immune to petrification.


Message History

You shoot an arrow.
The arrow hits the hobgoblin but does no damage.
The hobgoblin is severely wounded.
The hobgoblin barely misses you.
You shoot an arrow. The arrow barely misses the hobgoblin.
The hobgoblin closely misses you.
You shoot an arrow. The arrow barely misses the hobgoblin.
The hobgoblin zaps a wand.
The roots erupt in riotous growth!
The grasping roots grab you!
The hobgoblin is unaffected.
The grasping roots constrict you.
You shoot an arrow. The arrow hits the hobgoblin!
You kill the hobgoblin!
f - a wand of roots (8);
g - a ring of ice You see here a hobgoblin corpse.
You start resting.
HP restored.
You see here a +0 barding.
Found a short sword.
Terence the Incautious comes into view.
He is wielding a +0 mace and wearing a +2 ring mail of fire resistance.
Terence moves out of view.
No target in view!
You shoot an arrow.
The arrow hits Terence but does no damage.
Terence says, "How do you enjoy it?"
You shoot an arrow. The arrow hits Terence.
Terence is moderately wounded.
You shoot an arrow. The arrow barely misses Terence.
You shoot an arrow. The arrow closely misses Terence.
Terence hits you with a +0 mace!
You shoot an arrow. The arrow closely misses Terence.
Terence misses you.
You shoot an arrow. The arrow hits Terence!
Terence is severely wounded.
Terence hits you with a +0 mace.
You are too injured to fight recklessly!
You are too injured to fight recklessly!
You feel yourself speed up. Terence hits you with a +0 mace.
* * * LOW HITPOINT WARNING * * *
You shoot an arrow. The arrow hits Terence.
Terence is severely wounded.
Terence hits you with a +0 mace!
You die...

#############.########
#........# ########.#
#.# #.# ########
#####.# .<.....#
#.[.†.# ######.#
#.##### #### #@# ..#
#@# #.# #.#
#..####.###.#
#...........#
#######.###.# #.# #.#
########.# #.#
.........# #.#


You could see Terence.

Vanquished Creatures
  A bat (D:1)
  3 endoplasms (D:1)
  2 giant cockroaches (D:1)
  3 goblins (D:1)
  2 hobgoblins
  4 kobolds (D:1)
  A quokka (D:1)
  4 ball pythons (D:1)
  2 rats
22 creatures vanquished.

Notes
Turn   | Place    | Note
-------+----------+-------------------------------------------
     0 | D:1      | HoaS the Gargoyle Hunter began the quest for the Orb.
     0 | D:1      | Reached XP level 1. HP: 12/12 MP: 1/1
   105 | D:1      | Reached XP level 2. HP: 17/17 MP: 2/2
   441 | D:1      | Found Nogrus's One-of-a-Kind Rings.
   685 | D:1      | Reached XP level 3. HP: 21/21 MP: 3/3
   876 | D:2      | Noticed Terence
   899 | D:2      | Slain by Terence

Illustrated notes

Levels and vault maps discovered:
D:1:      lightli_arrival_statue_moat, layout_basic, minivault_11,
          nicolae_shop_unique_rings
D:2:      layout_loops_ring, uniq_sigmund, uniq_robin, uniq_terence

Action                   || total
-------------------------++-------
 Fire: Shortbow          ||    63
  Use: Scroll            ||     3
       Potion            ||     1
Armor: Leather armour    ||     3
Dodge: Dodged            ||    17

Table legend: (Time is in decaauts)
 A = Elapsed time spent in this place.
 B = Non-inter-level travel time spent in this place.
 C = Inter-level travel time spent in this place.
 D = Time resting spent in this place.
 E = Time spent auto-exploring this place.
 F = Levels seen in this place.
 G = Mean time per level.
                   A        B        C        D        E       F      G
               +--------+--------+--------+--------+--------+-----+--------+
         Total |    917 |    904 |     13 |     21 |    732 |   2 |  458.5 |
       Dungeon |    917 |    904 |     13 |     21 |    732 |   2 |  458.5 |
               +--------+--------+--------+--------+--------+-----+--------+

Top non-repeatable levels by time:
     D:1: 786 daAuts
     D:2: 130 daAuts
